 Dungeon Crawl Stone Soup version 0.28-a0-804-g60983d4ba9 (webtiles) character file.

Game seed: 5272397269498122938

2650 emperorscorpion the Thaumaturge (level 9, -3/62 HPs)
             Began as a Djinni Cinder Acolyte on Nov 7, 2021.
             Was a Priest of Ignis.
             Splashed by a jelly's acid (9 damage)
             ... on level 7 of the Dungeon.
             The game lasted 00:19:59 (7657 turns).

emperorscorpion the Thaumaturge (DjCA)              Turns: 7657, Time: 00:19:59

Health: -3/62      AC:  3    Str: 16    XL:     9   Next: 93%
Gold:   19         EV: 12    Int: 25    God:    Ignis [***...] SH:  0 Dex: 15

rFire   + + +      SeeInvis .   b - staff of fire
rCold   . . .      Faith    .   (no shield)
rNeg    . . .      Spirit   .   D - +0 robe "Atzemuot" {rElec Str+3 Dex+6}
rPois   ∞          Reflect  .   (no helmet)
rElec   +          Harm     +   g - scarf {harm}
rCorr   .          Rampage  .   e - +0 pair of gloves
Will    .....                   (boots unavailable)
Stlth   ++........              (no amulet)
HPRegen 0.20/turn               h - ring of protection from cold
MPRegen 0.00/turn               x - +6 ring of intelligence

@: flying
A: sickness immunity, fire resistance 2, cold vulnerability 1, float, innate
caster, hp casting, extra vitality 1
a: Renounce Religion, Sea of Fire, Foxfire Swarm, Rising Flame


You were on level 7 of the Dungeon.
You worshipped Ignis.
Ignis was most pleased with you.
You visited 1 branch of the dungeon, and saw 7 of its levels.

You collected 227 gold pieces.
You spent 208 gold pieces at shops.

Inventory:

Hand Weapons
 a - a -1 falchion of flaming
 B - a +0 shortbow
Missiles
 i - 7 poisoned darts
 j - 2 boomerangs of dispersal
 n - 4 boomerangs
 z - 2 throwing nets
 C - 12 arrows
 F - 4 javelins
Armour
 e - a +0 pair of gloves (worn)
 f - a +0 robe
 g - a scarf of harm (worn)
 D - the +0 robe "Atzemuot" (worn) {rElec Str+3 Dex+6}
   (You bought it in a shop on level 6 of the Dungeon)

   Str:       It affects your strength (+3).
   Dex:       It affects your dexterity (+6).
   rElec:     It insulates you from electricity.
Magical Staves
 b - a staff of fire (weapon)
Jewellery
 h - a ring of protection from cold (left hand)
 r - a ring of ice
 x - a +6 ring of intelligence (right hand)
 A - a ring of see invisible
Wands
 y - a wand of acid (5)
Scrolls
 d - 2 scrolls of immolation
 o - 2 scrolls of fear
 q - 2 scrolls of teleportation
 s - 6 scrolls of identify
Potions
 c - 4 potions of lignification {unknown}
 k - a potion of berserk rage {unknown}
 l - 3 potions of attraction {unknown}
 m - 2 potions of might {unknown}
 p - 2 potions of cancellation {unknown}
 t - a potion of haste
 u - 3 potions of curing
 v - a potion of mutation {unknown}
 w - a potion of degeneration {unknown}
 E - a potion of heal wounds


   Skills:
 + Level 3.9 Fighting
 + Level 3.0 Long Blades
 + Level 2.5 Dodging
 - Level 0.5 Stealth
 + Level 9.7 Spellcasting


You had 15 spell levels left.
You knew the following spells:

 Your Spells              Type           Power      Damage    Failure   Level
a - Scorch                Fire           100%       2d10      1%          2
b - Magic Dart            Conj           100%       1d8       1%          1
c - Passwall              Tmut/Erth      47%        N/A       1%          2
d - Portal Projectile     Hex/Tloc       100%       N/A       1%          3
e - Olgreb's Toxic Radia  Pois           57%        N/A       1%          4
Your spell library was empty.

Dungeon Overview and Level Annotations

Branches:
Dungeon (7/15)             Temple (0/1) D:6

Altars:
Xom

Shops:
D:1 =   D:3 =   D:6 [**[


Innate Abilities, Weirdness & Mutations

You are immune to sickness and miasma.
You are immune to poison.
Your flesh is very heat resistant. (rF++)
You are vulnerable to cold. (rC-)
You float through the air rather than walking.
You learn spells naturally, not from books.
Your magical power is your life essence.
You have superior vitality. (+4 HP)


Message History

* * * LOW HITPOINT WARNING * * *
The centaur skeleton hits you.
* * * LOW HITPOINT WARNING * * *
The centaur skeleton closely misses you.
The howler monkey skeleton closely misses you.
The jelly hits you but does no damage.
Unknown command.
Casting: Scorch (safe; 1% risk of failure)
Confirm with . or Enter, or press ? or * to list all spells.
You feel a surge of power!
Flames lash the centaur skeleton.
The centaur skeleton is burned terribly!
You destroy the centaur skeleton!
* * * LOW HITPOINT WARNING * * *
The scorpion is no longer more vulnerable to fire.
The scorpion stings you but does no damage.
The howler monkey skeleton closely misses you.
The scorpion stings you.
* * * LOW HITPOINT WARNING * * *
The jelly misses you.
Unknown command.
Unknown command.
Casting: Scorch (safe; 1% risk of failure)
Confirm with . or Enter, or press ? or * to list all spells.
You feel a surge of power!
Flames lash the scorpion.
You kill the scorpion!
* * * LOW HITPOINT WARNING * * *
The howler monkey skeleton closely misses you.
The jelly hits you but does no damage.
Unknown command.
Casting: Scorch (safe; 1% risk of failure)
Confirm with . or Enter, or press ? or * to list all spells.
You feel a surge of power!
Flames lash the howler monkey skeleton.
The howler monkey skeleton is severely damaged.
The howler monkey skeleton's fire resistance burns away.
* * * LOW HITPOINT WARNING * * *
The howler monkey skeleton closely misses you.
The jelly hits you.
* * * LOW HITPOINT WARNING * * *
You are splashed with acid!
You die...

#.....
#......
.......
##.=.....
#.......#
#†.....#
#JZ...#
#@....#
#.†...#
#......#
#.......#
##.......
.......
#......
#.....


You could see a jelly and a howler monkey skeleton (combustible).

Vanquished Creatures
  Grinder (D:3)
  4 ice beasts
  3 ogres
  A black bear (D:3)
  A necrophage (D:7)
  A centaur (D:6)
  2 phantoms
  2 bullfrogs (D:6)
  2 scorpions
  A water moccasin skeleton (D:6)
  An electric eel (D:6)
  A bullfrog zombie (D:5)
  2 centaur zombies (D:6)
  A hound (D:5)
  A bullfrog skeleton (D:6)
  3 gnoll shamans
  2 centaur skeletons
  3 orc wizards
  3 iguanas
  Natasha (thrice) (D:3)
  10 gnolls
  5 adders
  2 howler monkey skeletons
  2 shadow imps
  A white imp (D:6)
  2 worms (D:2)
  A dart slug (D:2)
  15 orcs
  7 ball pythons
  4 endoplasms
  2 giant cockroaches
  2 goblins
  7 hobgoblins
  3 jackals
  A quokka (D:3)
  3 bats
  A frilled lizard (D:2)
  9 kobolds
  7 rats
122 creatures vanquished.

Vanquished Creatures (others)
  46 foxfires
46 creatures vanquished.

Grand Total: 168 creatures vanquished

Notes
Turn   | Place    | Note
-------+----------+-------------------------------------------
     0 | D:1      | emperorscorpion the Djinni Cinder Acolyte began the quest
                  | for the Orb.
     0 | D:1      | Reached XP level 1. HP: 20/20 MP: 0/0
   101 | D:1      | HP: 1/20 [cloud of flame (2)]
   472 | D:1      | Reached XP level 2. HP: 21/25 MP: 0/0
  1431 | D:1      | Found Osaqek's Jewellery Emporium.
  1628 | D:2      | Reached XP level 3. HP: 28/30 MP: 0/0
  1628 | D:2      | Learned a level 1 spell: Magic Dart
  2084 | D:2      | Reached skill level 1 in Dodging
  2084 | D:2      | Reached skill level 3 in Spellcasting
  2307 | D:2      | Reached XP level 4. HP: 33/35 MP: 0/0
  2579 | D:3      | Noticed a black bear
  2582 | D:3      | Killed a black bear
  2583 | D:3      | Reached XP level 5. HP: 30/40 MP: 0/0
  2583 | D:3      | Learned a level 2 spell: Passwall
  2692 | D:3      | Noticed Natasha
  2697 | D:3      | Killed Natasha
  2698 | D:3      | Reached skill level 4 in Spellcasting
  2703 | D:3      | Found Beogg's Jewellery Shoppe.
  2971 | D:3      | Noticed Natasha
  2973 | D:3      | Reached XP level 6. HP: 32/46 MP: 0/0
  2976 | D:3      | Killed Natasha
  3143 | D:3      | Found a shimmering altar of Xom.
  3266 | D:3      | Noticed Grinder
  3289 | D:3      | Noticed Natasha
  3292 | D:3      | Paralysed by Grinder for 3 turns
  3296 | D:3      | Killed Natasha
  3297 | D:3      | Killed Grinder
  3298 | D:3      | Reached skill level 5 in Spellcasting
  3298 | D:3      | Reached XP level 7. HP: 40/50 MP: 0/0
  3298 | D:3      | Learned a level 3 spell: Portal Projectile
  3825 | D:4      | Reached skill level 6 in Spellcasting
  3981 | D:4      | Reached XP level 8. HP: 43/56 MP: 0/0
  4502 | D:5      | Entered Level 5 of the Dungeon
  5548 | D:5      | Reached skill level 7 in Spellcasting
  6172 | D:6      | Found a staircase to the Ecumenical Temple.
  6452 | D:6      | Reached XP level 9. HP: 58/62 MP: 0/0
  6452 | D:6      | Learned a level 4 spell: Olgreb's Toxic Radiance
  6455 | D:6      | Reached skill level 8 in Spellcasting
  6700 | D:6      | Found Uvvifas's Assorted Antiques.
  6702 | D:6      | Found Ficeuwau's Antique Armour Shop.
  6703 | D:6      | Found Iwihu's General Store.
  6703 | D:6      | Found Dausuos's Antique Armour Emporium.
  6866 | D:6      | Bought a ripped robe for 182 gold pieces
  6866 | D:6      | Identified the +0 robe "Atzemuot" {rElec Str+3 Dex+6} (You
                  | bought it in a shop on level 6 of the Dungeon)
  6880 | D:6      | Bought a scroll labelled PUDOUR TAIT for 26 gold pieces
  7081 | D:6      | Reached skill level 9 in Spellcasting
  7657 | D:7      | Splashed by a jelly's acid

Illustrated notes

Levels and vault maps discovered:
D:1:      minmay_arrival_four_loops, layout_basic, serial_shops, shop_fountains,
          serial_glass, glass_columns_b, glass_columns_a, minmay_tetromino_l4
D:2:      layout_rooms
D:3:      layout_rooms, mainiacjoe_overflow_tiny_flanked, serial_shops, shop,
          nrook_loot_triangle, uniq_grinder, uniq_natasha
D:4:      layout_rooms
D:5:      layout_layer_cave, grunt_ministairs_3
D:6:      layout_loops_cross, minmay_temple_entry_waves,
          nicolae_wooded_promenade, st_stairs_10
D:7:      minmay_s_stair_smasher, layout_basic

Skill      XL: |  1  2  3  4  5  6  7  8  9 |
---------------+----------------------------+-----
Dodging        | 1 2 |  2.5
Spellcasting   | 3 4 5 6 7 9 |  9.7
Long Blades    | 3 |  3.0
Fighting       | |  3.9
Stealth        | |  0.5

Action                   |  1- 3 |  4- 6 |  7- 9 || total
-------------------------+-------+-------+-------++-------
Melee: Falchion          |    32 |       |       ||    32
 Cast: Scorch            |    26 |    27 |    76 ||   129
       Magic Dart        |       |    13 |   107 ||   120
       Passwall          |       |     1 |       ||     1
       Olgreb's Toxic Ra |       |       |     2 ||     2
Invok: Sea of Fire       |     1 |       |       ||     1
       Foxfire Swarm     |     2 |     1 |       ||     3
  Use: Scroll            |     3 |     1 |     5 ||     9
       Potion            |     1 |       |     3 ||     4
Armor: Robe              |    19 |     2 |    16 ||    37
Dodge: Dodged            |    61 |    13 |    31 ||   105

Table legend: (Time is in decaauts)
 A = Elapsed time spent in this place.
 B = Non-inter-level travel time spent in this place.
 C = Inter-level travel time spent in this place.
 D = Time resting spent in this place.
 E = Time spent auto-exploring this place.
 F = Levels seen in this place.
 G = Mean time per level.
                   A        B        C        D        E       F      G
               +--------+--------+--------+--------+--------+-----+--------+
         Total |   7643 |   7414 |    229 |    781 |   5830 |   7 | 1091.9 |
       Dungeon |   7643 |   7414 |    229 |    781 |   5830 |   7 | 1091.9 |
               +--------+--------+--------+--------+--------+-----+--------+

Top non-repeatable levels by time:
     D:1: 1603 daAuts
     D:6: 1577 daAuts
     D:5: 1310 daAuts
     D:2: 1186 daAuts
     D:3: 981 daAuts
     D:4: 970 daAuts
     D:7: 11 daAuts
